 Dungeon Crawl Stone Soup version 0.29.1-15-g9cfb28693d (webtiles) character file.

Game seed: 15007987852680266401

120 Silvore the Chopper (level 4, -2/35 HPs)
             Began as a Demonspawn Monk on May 1, 2023.
             Killed by nerve-wracking pain
             ... invoked by an orc priest
              (5 damage)
             ... on level 3 of the Dungeon.
             The game lasted 00:04:16 (2990 turns).

Silvore the Chopper (Demonspawn Monk)               Turns: 2990, Time: 00:04:17

Health: -2/35      AC:  8    Str: 11    XL:     4   Next: 75%
Magic:  13/13      EV: 13    Int: 12    God:
Gold:   79         SH:  0    Dex: 17    Spells: 3/3 levels left

rFire   . . .      SeeInvis .   a - +0 hand axe
rCold   . . .      Faith    .   (no shield)
rNeg    + . .      Spirit   .   l - +3 leather armour
rPois   .          Reflect  .   (no helmet)
rElec   .          Harm     .   (no cloak)
rCorr   .          Rampage  .   (no gloves)
Will    .....                   (no boots)
Stlth   ++........              (no amulet)
HPRegen 0.11/turn               h - ring of magical power
MPRegen 0.26/turn               j - ring of positive energy

@: no status effects
A: icy blue scales 1, magic regeneration, screaming 1, devolution 1
a: no special abilities


You were on level 3 of the Dungeon.
You visited 1 branch of the dungeon, and saw 3 of its levels.

You collected 79 gold pieces.

Inventory:

Hand Weapons
 a - a +0 hand axe (weapon)
Armour
 b - a +0 robe
 g - a +0 leather armour
 i - a +0 scale mail
 l - a +3 leather armour (worn)
Jewellery
 h - a ring of magical power (left hand)
 j - a ring of positive energy (right hand)
 n - a ring of flight
Potions
 e - a potion of resistance {unknown}
 k - a potion of brilliance {unknown}
 m - a potion of curing {unknown}
 o - a potion of flight


   Skills:
 + Level 3.5 Fighting
 + Level 3.9 Axes
 + Level 1.0 Armour
 + Level 3.2 Dodging
 + Level 2.2 Stealth


You had 3 spell levels left.
You didn't know any spells.
Your spell library contained the following spells:

 Spells                   Type           Power      Damage    Failure   Level
 Magic Dart               Conj           0%         1d3       41%         1
 Call Imp                 Summ           0%         N/A       54%         2
 Mephitic Cloud           Conj/Pois/Air  0%         N/A       78%         3
 Tukima's Dance           Hex            0%         N/A       78%         3
 Passage of Golubria      Tloc           0%         N/A       99%         4
 Fireball                 Conj/Fire      0%         3d3       100%        5
 Iskenderun's Battlesphe  Conj           0%         2d6       100%        5
 Yara's Violent Unravell  Hex/Tmut       0%         3d3       100%        5
 Conjure Ball Lightning   Conj/Air       0%         3x3d6     100%        6
 Orb of Destruction       Conj           0%         9d5       100%        7


Dungeon Overview and Level Annotations

Branches:
Dungeon (3/15)

Altars:
Trog
Jiyva


Innate Abilities, Weirdness & Mutations

You are partially covered in icy blue scales. (AC +2)
You regenerate magic rapidly.
You occasionally shout uncontrollably at your foes.
You have hidden genetic defects.


Message History

The orc priest is lightly wounded.
You hit something.
Reactivating autopickup.
You feel a bit more experienced.
You hit the endoplasm. The endoplasm freezes you.
You are frozen.
The orc priest hits you but does no damage.
Your Armour skill increases to level 1!
You hit the orc priest but do no damage.
The orc priest is lightly wounded.
You hit the endoplasm.
You kill the endoplasm!
The orc priest hits you with a +0 hand axe.
You feel a genetic drift.
You feel the urge to shout.
Your genetic malignance weakens.
You hit the orc priest but do no damage.
The orc priest is lightly wounded.
The orc priest closely misses you.
You hit the orc priest but do no damage.
The orc priest is lightly wounded.
The orc priest hits you with a +0 hand axe.
You barely miss the orc priest.
The orc priest is lightly wounded.
The orc priest hits you but does no damage.
You barely miss the orc priest.
The orc priest is lightly wounded.
The orc priest hits you with a +0 hand axe.
The orc priest invokes the aid of Beogh against you.
Beogh smites you!
* * * LOW HITPOINT WARNING * * *
Unknown command.
You hit the orc priest.
The orc priest is moderately wounded.
The orc priest hits you with a +0 hand axe.
* * * LOW HITPOINT WARNING * * *
You closely miss the orc priest.
The orc priest is moderately wounded.
The orc priest mumbles some strange prayers to Beogh against you.
Pain shoots through your body!
You die...

### ..... #. ... ....
##.##.. ##...#
.......#####..#'####
####.......##.........
..........##.........
.........#))........
#........@o........
#........#)........
#....>..##.........
#.†.....##.........
###.####..†....##.........
.....†....#######.........
#######........##.........
#.#.####.##......... #.#.#
#.#


You could see an orc priest.

Vanquished Creatures
  An orc wizard (D:3)
  Robin (D:3)
  3 adders (D:2)
  A dart slug (D:1)
  3 orcs (D:3)
  2 bats
  6 endoplasms
  A giant cockroach (D:2)
  10 goblins
  16 hobgoblins
  A jackal (D:2)
  4 quokkas
  5 ball pythons
  3 frilled lizards
  3 kobolds (D:2)
  6 rats
66 creatures vanquished.

Notes
Turn   | Place    | Note
-------+----------+-------------------------------------------
     0 | D:1      | Silvore the Demonspawn Monk began the quest for the Orb.
     0 | D:1      | Reached XP level 1. HP: 18/18 MP: 1/1
   510 | D:1      | Gained mutation: You are partially covered in icy blue
                  | scales. (AC +2) [demonic ancestry]
   510 | D:1      | Reached XP level 2. HP: 24/24 MP: 2/2
   554 | D:1      | Found a faded altar of an unknown god.
   560 | D:1      | Prayed at the altar of an unknown god.
   560 | D:1      | Became a worshipper of Jiyva Jaosoulu the Shapeless
   560 | D:1      | Reached * piety under Jiyva
   560 | D:1      | Reached ** piety under Jiyva
   563 | D:1      | Fell from the grace of Jiyva
  1485 | D:2      | Gained mutation: You regenerate magic rapidly. [demonic
                  | ancestry]
  1485 | D:2      | Reached XP level 3. HP: 29/29 MP: 3/3
  2380 | D:2      | Found a bloodstained altar of Trog.
  2384 | D:2      | Reached XP level 4. HP: 35/35 MP: 4/4
  2559 | D:3      | Noticed Robin
  2738 | D:2      | Gained mutation: You have hidden genetic defects.
                  | [mutagenic glow]
  2823 | D:3      | Killed Robin
  2830 | D:3      | Gained mutation: You have terrible hidden genetic defects.
                  | [hidden defects]
  2984 | D:3      | Reached skill level 1 in Armour
  2984 | D:3      | Gained mutation: You occasionally shout uncontrollably at
                  | your foes. [hidden defects]
  2984 | D:3      | Lost mutation: You have terrible hidden genetic defects.
                  | [hidden defects expressed]
  2990 | D:3      | Killed from afar by an orc priest

Illustrated notes

Levels and vault maps discovered:
D:1:      lemuel_arrival_broad_hall, layout_loops_ring,
          dreamdust_ecumenical_altar_angels_and_demons, supply_closet_lemuel,
          nrook_campfire, minivault_4
D:2:      cheibrodos_helix_gallery, layout_loops_cross, basic_altar
D:3:      layout_basic, dk_yredelemnul_ordeal, uniq_robin, uniq_grinder

Skill      XL: |  1  2  3  4 |
---------------+-------------+-----
Stealth        | 2 |  2.2
Axes           | 3 |  3.9
Dodging        | 3 |  3.2
Armour         | 1 |  1.0
Fighting       | |  3.5

Action                   |  1- 3 |  4- 6 || total
-------------------------+-------+-------++-------
Melee: Hand axe          |   132 |    77 ||   209
Invok: Renounce Religion |     1 |       ||     1
  Use: Scroll            |     4 |     1 ||     5
       Potion            |       |     2 ||     2
 Stab: Sleeping          |     3 |     3 ||     6
Armor: Robe              |     5 |       ||     5
       Scale mail        |    39 |       ||    39
       Leather armour    |    30 |    41 ||    71
Dodge: Dodged            |    79 |    72 ||   151
